 Dungeon Crawl Stone Soup version 0.18-a0-1673-gaded821 (webtiles) character file.

74 Oddball22 the Ruffian (level 4, -3/40 HPs)
             Began as a Ghoul Monk on Apr 1, 2016.
             Killed from afar by an orc wizard (6 damage)
             ... with a puff of flame
             ... on level 3 of the Dungeon.
             The game lasted 00:03:20 (2027 turns).

Oddball22 the Ruffian (Ghoul Monk)                  Turns: 2027, Time: 00:03:21

Health: -3/40      AC:  3    Str: 14    XL:     4   Next: 30%
Magic:  3/3        EV: 13    Int:  5    God:
Gold:   132        SH:  0    Dex: 12    Spells: 0 memorised, 3 levels left

rFire  + . .     SeeInvis .       - Unarmed
rCold  + . .     Gourm    .     a - +0 robe
rNeg   + + +     Faith    .     (no shield)
rPois  ∞         Spirit   .     (no helmet)
rElec  .         Dismiss  .     (no cloak)
rCorr  .         Reflect  .     (no gloves)
SustAt .         Harm     .     m - +0 pair of boots
MR     .....                    (no amulet)
Stlth  ++........               (no ring)
                                c - ring of protection from fire

@: rotting, not resistant to hostile enchantments, unstealthy
A: rotting body, claws 1, carnivore 3, cold resistance 1, negative energy
resistance 3, slow regeneration 1, torment resistance, unbreathing
a: no special abilities


You were on level 3 of the Dungeon.
You were hungry.

You visited 1 branch of the dungeon, and saw 3 of its levels.

You collected 132 gold pieces.

Inventory:

Armour
 a - a +0 robe (worn)
 m - a +0 pair of boots (worn)
Jewellery
 c - a ring of protection from fire (left claw)
Scrolls
 h - a scroll of random uselessness {unknown}
 i - 2 scrolls of identify {unknown}
 j - a scroll of enchant weapon {unknown}
 n - 3 scrolls of noise {unknown}
 q - a scroll of enchant armour {unknown}
Potions
 d - a potion of degeneration {unknown}
 e - a potion of heal wounds {unknown}
 l - 2 potions of agility {unknown}
 p - 2 potions of resistance {unknown}
 r - a potion of curing {unknown}
 s - a potion of brilliance {unknown}
Books
 t - a book of Air

   Spells                             Type                      Level
   a - Shock                          Conjuration/Air              1
   b - Swiftness                      Charms/Air                   2
   c - Repel Missiles                 Charms/Air                   2
   d - Static Discharge               Conjuration/Air              3
   e - Lightning Bolt                 Conjuration/Air              5
Comestibles
 b - 3 meat rations
 f - 3 slices of pizza
 g - a beef jerky
 k - a royal jelly
 o - 5 chunks of flesh


   Skills:
 + Level 4.0 Fighting
 + Level 3.3 Dodging
 - Level 2.1 Stealth
 * Level 5.2 Unarmed Combat


You had 3 spell levels left.
You didn't know any spells.

Dungeon Overview and Level Annotations

Branches:
Dungeon (3/15)

Altars:
Elyvilon
Okawaru
Zin


Innate Abilities, Weirdness & Mutations

Your body is rotting away.
You thrive on raw meat.
You are immune to poison.
You have sharp fingernails.
You are carnivorous and can eat meat at any time.
Your flesh is cold resistant.
You are immune to negative energy.
You regenerate slowly when monsters are visible.
You are immune to unholy pain and torment.
You can survive without breathing.


Message History

You barely miss something. The orc hits you but does no damage.
Something hits you but does no damage.
You barely miss something. The orc misses you. Something hits you.
* * * LOW HITPOINT WARNING * * *
You barely miss something. The orc hits you with a dagger.
* * * LOW HITPOINT WARNING * * *
You hear some strange, mumbled words.
A magic dart appears from out of thin air!
The magic dart hits you!
* * * LOW HITPOINT WARNING * * *
You scratch something but do no damage. The orc hits you with a dagger.
* * * LOW HITPOINT WARNING * * *
You completely miss something. Something hits you.
* * * LOW HITPOINT WARNING * * *
The orc closely misses you.
You barely miss something.
You hear some strange, mumbled words.
A puff of flame appears from out of thin air!
The puff of flame hits you! You resist.
You die...

..# ###.# ...# #
#)############ #.
#............g
##.##.### #.[.....#
..g....g###..####.#
# #o##...# #.# ##
#@{....####.#####.
#)##.####....).)..
...##.# #.#.#####.
#.###..# ###.# ##
#. ..## #.# #. #
##. #.# #. ## #.#
#. #..#####.
#........


You could see an orc and a goblin.

Vanquished Creatures
  2 adders (D:2)
  A dart slug (D:3)
  2 giant geckos (D:1)
  7 orcs (D:3)
  2 bats
  4 giant cockroaches
  7 goblins
  4 hobgoblins (D:1)
  2 jackals (D:2)
  A ball python (D:1)
  A giant newt (D:1)
  7 kobolds
  3 rats
43 creatures vanquished.

Notes
Turn   | Place    | Note
--------------------------------------------------------------
     0 | D:1      | Oddball22 the Ghoul Monk began the quest for the Orb.
     0 | D:1      | Reached XP level 1. HP: 19/19 MP: 0/0
   202 | D:1      | Reached XP level 2. HP: 26/26 MP: 1/1
   882 | D:2      | Reached XP level 3. HP: 31/31 MP: 2/2
  1387 | D:2      | Found a glowing silver altar of Zin.
  1387 | D:2      | Noticed an angel
  1421 | D:2      | Found an iron altar of Okawaru.
  1444 | D:2      | Found a white marble altar of Elyvilon.
  1464 | D:2      | Reached skill level 5 in Unarmed Combat
  1823 | D:3      | Reached XP level 4. HP: 37/40 MP: 3/3
  2027 | D:3      | Killed from afar by an orc wizard

Vault maps used:
D:1:      mrwooster_arrival_statue_3
D:2:      amethyst_overflow_temple_binary, zin_angel, first_bread
D:3:      lemuel_blue_sif_altar, uniq_grinder

Skill      XL: |  1  2  3  4 |
---------------+-------------+-----
Dodging        | 3 |  3.3
Unarmed Combat | 5 |  5.2
Fighting       | 4 |  4.0
Stealth        | |  2.1

Action                   |  1- 3 |  4- 6 || total
-------------------------+-------+-------++-------
Melee: Unarmed           |    84 |    46 ||   130
 Stab: Sleeping          |     6 |       ||     6
  Eat: Chunk             |     2 |     1 ||     3
